 Dungeon Crawl Stone Soup version 0.29.0-4-gdea44cf6ec (webtiles) character file.

Game seed: 3693682192329682236

1872 FluffGlitter the Skirmisher (level 8, -2/37 HPs)
             Began as a Spriggan Arcane Marksman on Aug 27, 2022.
             Slain by a steam dragon (5 damage)
             ... on level 7 of the Dungeon.
             The game lasted 01:00:41 (8824 turns).

FluffGlitter the Skirmisher (SpAM)                  Turns: 8824, Time: 01:00:42

Health: -2/37      AC:  2    Str: 11    XL:     8   Next: 91%
Magic:  14/14      EV: 18    Int: 17    God:
Gold:   1461       SH:  5    Dex: 24    Spells: 2/13 levels left

rFire   . . .      SeeInvis +   b - +0 dagger (speed)
rCold   . . .      Faith    .   (no shield)
rNeg    . . .      Spirit   .   c - +0 robe
rPois   .          Reflect  +   (helmet restricted)
rElec   .          Harm     .   (no cloak)
rCorr   .          Rampage  .   (gloves unavailable)
Will    +....                   (boots unavailable)
Stlth   +++.......              r - amulet of reflection
HPRegen 0.12/turn               G - ring "Xosi Sau" {Fly Str+5 Int+3}
MPRegen 0.14/turn               s - +6 ring of dexterity

@: flying, very quick
A: very small, no large weapons, unfitting armour, see invisible, speed 3
a: no special abilities


You were on level 7 of the Dungeon.
You visited 2 branches of the dungeon, and saw 9 of its levels.

You collected 1461 gold pieces.

Inventory:

Hand Weapons
 a - a +2 vorpal sling
 b - a +0 dagger of speed (weapon)
Armour
 c - a +0 robe (worn)
Magical Staves
 C - a staff of air
Jewellery
 r - an amulet of reflection (around neck)
 s - a +6 ring of dexterity (right hand)
 u - a ring of protection from cold
 E - a ring of poison resistance
 G - the ring "Xosi Sau" (left hand) {Fly Str+5 Int+3}
   (You found it on level 7 of the Dungeon)

   [ring of flight]

   Str:       It affects your strength (+5).
   Int:       It affects your intelligence (+3).
   Fly:       It grants you flight.
Wands
 p - a wand of digging (2)
 x - a wand of iceblast (9)
 A - a wand of paralysis (5)
Scrolls
 d - 2 scrolls of enchant weapon
 e - a scroll of butterflies
 m - 2 scrolls of enchant armour {unknown}
 q - 7 scrolls of identify
 t - 3 scrolls of brand weapon {unknown}
 v - 2 scrolls of teleportation
 w - 2 scrolls of vulnerability {unknown}
 y - 2 scrolls of magic mapping {unknown}
 z - a scroll of blinking
 D - a scroll of noise {unknown}
 F - 2 scrolls of poison
Potions
 f - 3 potions of curing
 g - 2 potions of berserk rage
 h - 4 potions of lignification
 i - a potion of resistance {unknown}
 j - a potion of flight {unknown}
 k - a potion of brilliance {unknown}
 l - a potion of mutation {unknown}
 n - a potion of attraction
 o - a potion of might {unknown}


   Skills:
 - Level 1.6 Fighting
 * Level 9.1 Ranged Weapons
 - Level 2.6 Dodging
 - Level 3.1 Stealth
 + Level 3.4 Spellcasting
 + Level 8.3 Hexes


You had 2 spell levels left.
You knew the following spells:

 Your Spells              Type           Power      Damage    Failure   Level
a - Slow                  Hex            100%       N/A       1%          1
b - Portal Projectile     Hex/Tloc       34%        N/A       9%          3
c - Inner Flame           Hex/Fire       17%        N/A       9%          3
d - Cause Fear            Hex            15%        N/A       5%          4

Your spell library contained the following spells:

 Spells                   Type           Power      Damage    Failure   Level
 Apportation              Tloc           4%         N/A       17%         1
 Magic Dart               Conj           8%         1d3       17%         1
 Necrotise                Necr           8%         1d4       17%         1
 Summon Small Mammal      Summ           8%         N/A       17%         1
 Searing Ray              Conj           4%         2d4       26%         2
 Static Discharge         Conj/Air       2%         3-4/arc   26%         2
 Dazzling Flash           Conj/Hex       34%        N/A       9%          3
 Fulminant Prism          Conj/Hex       8%         3d7       30%         4
 Silence                  Hex/Air        8%         N/A       63%         5
 Dispel Undead            Necr           2%         3d7       86%         4
 Sticky Flame             Conj/Fire      2%         2d3       86%         4
 Agony                    Necr           2%         N/A       99%         5


Dungeon Overview and Level Annotations

Branches:
Dungeon (8/15)             Temple (1/1) D:7
   Lair: D:8-11

Altars:
Ashenzari
Cheibriados
Dithmenos
Elyvilon
Fedhas
Gozag
Hepliaklqana
Kikubaaqudgha
Makhleb
Nemelex Xobeh
Okawaru
Ru
Sif Muna
Trog
Uskayaw
Vehumet
Wu Jian
Xom
Yredelemnul
The Shining One


Innate Abilities, Weirdness & Mutations

You are very small and have problems with some larger weapons.
You are too small for most types of armour.
You have supernaturally acute eyesight. (SInv)
You cover ground extremely quickly. (Speed+++)


Message History

Press: ? - help, Shift-Dir - straight line, f - steam dragon
Aim: a steam dragon (severely wounded, chance to affect: 64%)
The steam dragon seems to slow down.
The steam dragon closely misses you. The steam dragon claws you.
You hit the steam dragon.
The steam dragon is almost dead.
You block the steam dragon's attack. The steam dragon misses you.
You closely miss the steam dragon.
The steam dragon is almost dead.
You hit the steam dragon but do no damage.
The steam dragon is almost dead.
You hit the steam dragon but do no damage.
The steam dragon is almost dead.
The steam dragon bites you! You block the steam dragon's attack.
You barely miss the steam dragon.
The steam dragon is almost dead.
You hit the steam dragon but do no damage.
The steam dragon is almost dead.
The steam dragon breathes steam at you. The ball of steam misses you.
You hear a shout!
You hear an angry growl.
You hear a shout!
You hear an angry hiss.
You hear a shout! x2
You hit the steam dragon.
The steam dragon is almost dead.
You are engulfed in a cloud of scalding steam.
You barely miss the steam dragon.
The steam dragon is almost dead.
You are engulfed in a cloud of scalding steam.
The steam dragon bites you!
* * * LOW HITPOINT WARNING * * *
The steam dragon barely misses you.
You feel better.
You are engulfed in a cloud of scalding steam.
* * * LOW HITPOINT WARNING * * *
You barely miss the steam dragon.
The steam dragon is almost dead.
You are engulfed in a cloud of scalding steam.
* * * LOW HITPOINT WARNING * * *
The steam dragon bites you.
You die...

#.# #.... #.# #.###
#.#### ###....#
#....#.# ..[........#
##########
.#####.....#
#........#
#......#####.######.#
##......D@§.§....##.#
#..##.#####.###.##.#
#..##.# #.....(.=.#
#..##.# #..###.#.[#
#..†......#
#.##.###.## #.##.#
#.# #.#..###.#
###...)....####


You could see a steam dragon (slow, catching breath).

Vanquished Creatures
  Sigmund (D:4)
  Eustachio (D:5)
  A steam dragon (D:7)
  A water moccasin (D:6)
  A sky beast (D:7)
  2 black bears
  An ogre (D:5)
  A centaur (D:6)
  4 scorpions
  A jelly (D:5)
  2 hounds (D:7)
  An orc priest (D:5)
  Ijyb (D:3)
  8 iguanas
  4 orc wizards
  9 adders
  A shadow imp (D:5)
  5 worms
  3 dart slugs
  11 orcs
  6 bats
  8 endoplasms
  5 giant cockroaches
  11 goblins
  11 hobgoblins
  4 jackals
  8 ball pythons
  3 frilled lizards (D:1)
  5 kobolds
  16 rats
136 creatures vanquished.

Vanquished Creatures (others)
  A plant (D:2)
1 creature vanquished.

Grand Total: 137 creatures vanquished

Notes
Turn   | Place    | Note
-------+----------+-------------------------------------------
     0 | D:1      | FluffGlitter the Spriggan Arcane Marksman began the quest
                  | for the Orb.
     0 | D:1      | Reached XP level 1. HP: 9/9 MP: 3/3
   276 | D:1      | Reached skill level 1 in Fighting
   278 | D:1      | Reached XP level 2. HP: 14/14 MP: 3/5
   400 | D:1      | Reached skill level 1 in Stealth
   960 | D:1      | Reached XP level 3. HP: 18/18 MP: 4/6
  1828 | D:2      | Found a faded altar of an unknown god.
  2313 | D:2      | Reached XP level 4. HP: 22/22 MP: 6/8
  2382 | D:2      | Reached skill level 3 in Ranged Weapons
  2939 | D:3      | Noticed Ijyb
  2961 | D:3      | Killed Ijyb
  3316 | D:3      | Reached XP level 5. HP: 25/25 MP: 7/9
  3542 | D:4      | Noticed Sigmund
  3763 | D:5      | Entered Level 5 of the Dungeon
  3914 | D:4      | Killed Sigmund
  3915 | D:4      | Reached skill level 4 in Ranged Weapons
  3915 | D:4      | Reached skill level 5 in Hexes
  3915 | D:4      | Reached XP level 6. HP: 30/30 MP: 9/11
  4022 | D:5      | Noticed Eustachio
  4382 | D:4      | Reached skill level 5 in Ranged Weapons
  4702 | D:4      | Found a shimmering blue altar of Sif Muna.
  4702 | D:4      | Found a sparkling altar of Nemelex Xobeh.
  4867 | D:5      | Reached XP level 7. HP: 33/33 MP: 10/12
  4913 | D:5      | Identified a scroll of acquirement
  4913 | D:5      | Acquired 1114 gold pieces
  5221 | D:5      | Reached skill level 6 in Ranged Weapons
  5225 | D:5      | Learned a level 3 spell: Portal Projectile
  5229 | D:5      | Learned a level 3 spell: Inner Flame
  5234 | D:5      | Learned a level 4 spell: Cause Fear
  5674 | D:5      | Killed Eustachio
  5849 | D:5      | Reached skill level 7 in Ranged Weapons
  6046 | D:5      | Reached XP level 8. HP: 37/37 MP: 11/13
  6738 | D:7      | Found a staircase to the Ecumenical Temple.
  6966 | D:6      | Reached skill level 8 in Ranged Weapons
  7247 | D:6      | Found a sacrificial altar of Ru.
  7949 | Temple   | Entered the Ecumenical Temple
  8168 | D:8      | Noticed an unseen horror
  8507 | D:7      | Reached skill level 9 in Ranged Weapons
  8792 | D:7      | Identified the ring "Xosi Sau" {Fly Str+5 Int+3}
  8824 | D:7      | Slain by a steam dragon

Illustrated notes

Levels and vault maps discovered:
D:1:      erik_arrival_cave_to_civilisation [erik_arrival_cave_to_hall],
          layout_basic, minmay_quantized
D:2:      layout_basic, dreamdust_ecumenical_altar_grove, minmay_octomino_j4
D:3:      layout_rooms, minmay_ruptured, uniq_ijyb
D:4:      layout_loops_cross, gammafunk_temple_overflow_wave,
          nicolae_figureground_sparkle, uniq_sigmund
D:5:      layout_layer_cave, uniq_eustachio
D:6:      layout_cave_pools, mainiacjoe_overflow_brackets, grunt_decor_arrowhead
D:7:      layout_loops_corners, grunt_qazlal_clouds, minmay_temple_entry_tees
D:8:      layout_basic, serial_glass, glass_columns_a, glass_columns_b
Temple:   nicolae_temple_bog_church

Skill      XL: |  1  2  3  4  5  6  7  8 |
---------------+-------------------------+-----
Fighting       | 1 |  1.6
Stealth        | 1 2 3 |  3.1
Spellcasting   | 2 3 |  3.4
Hexes          | 4 5 6 8 |  8.3
Ranged Weapons | 3 4 5 7 9 |  9.1
Dodging        | |  2.6

Action                   |  1- 3 |  4- 6 |  7- 9 || total
-------------------------+-------+-------+-------++-------
Melee: Dagger            |       |       |    13 ||    13
       Punch             |       |       |     1 ||     1
 Fire: Sling             |   132 |   178 |   223 ||   533
 Cast: Slow              |    36 |    49 |    70 ||   155
       Inner Flame       |       |       |     1 ||     1
  Use: Scroll            |       |       |    11 ||    11
       Potion            |       |       |     1 ||     1
 Stab: Sleeping          |       |       |     2 ||     2
Armor: Robe              |     3 |       |     8 ||    11
Dodge: Dodged            |    20 |    11 |    43 ||    74
Block: Other             |       |     1 |    18 ||    19
       Reflection        |       |       |     1 ||     1
